 Dungeon Crawl Stone Soup version 0.25.1-2-g60ff931df9 (webtiles) character file.

Game seed: 622121692456706985

445 lepoulpe303 the Ducker (level 6, -6/33 HPs)
             Began as a Spriggan Fighter on Aug 4, 2020.
             Was an Initiate of Ru.
             Mangled by a centaur (9 damage)
             ... on level 6 of the Dungeon.
             The game lasted 00:14:17 (3315 turns).

lepoulpe303 the Ducker (Spriggan Fighter)           Turns: 3315, Time: 00:14:18

Health: -6/33      AC:  2    Str: 14    XL:     6   Next: 72%
Magic:  7/7        EV: 20    Int: 10    God:    Ru [......]
Gold:   208        SH:  6    Dex: 15    Spells: 5/5 levels left

rFire    . . .     SeeInvis +   a - +0 rapier
rCold    . . .     Gourm    .   v - +0 buckler
rNeg     . . .     Faith    .   n - +0 robe
rPois    .         Spirit   .   (helmet restricted)
rElec    .         Reflect  .   (no cloak)
rCorr    .         Harm     .   (gloves unavailable)
MR       +....                  (boots unavailable)
Stlth    ++........             (no amulet)
HPRegen  0.11/turn              (no ring)
MPRegen  0.10/turn              (no ring)

@: very quick
A: very small, unfitting armour, see invisible, herbivore, speed 3, slow
metabolism 2
a: Renounce Religion


You were on level 6 of the Dungeon.
You worshipped Ru.
Ru was noncommittal.
You were not hungry.

You visited 1 branch of the dungeon, and saw 5 of its levels.

You collected 208 gold pieces.

Inventory:

Hand Weapons
 a - a +0 rapier (weapon)
 b - a +0 hunting sling
 c - a +0 dagger of venom
Missiles
 o - 4 sling bullets
Armour
 n - a +0 robe (worn)
 v - a +0 buckler (worn)
Jewellery
 m - an uncursed amulet of magic regeneration {unknown}
Wands
 D - a wand of digging (7)
Scrolls
 f - 2 scrolls of remove curse {unknown}
 i - 2 scrolls of identify
 j - a scroll of noise {unknown}
 p - a scroll of teleportation {unknown}
 s - a scroll of enchant weapon {unknown}
 w - 2 scrolls of immolation {unknown}
Potions
 d - 4 potions of might
 g - 3 potions of curing
 h - a potion of stabbing {unknown}
 k - a potion of invisibility {unknown}
 l - a potion of heal wounds
 q - a potion of flight {unknown}
 r - a potion of lignification {unknown}
 t - a potion of ambrosia {unknown}
 u - a potion of resistance {unknown}
Comestibles
 e - 9 rations


   Skills:
 * Level 3.7 Fighting
 * Level 4.2 Short Blades
 + Level 2.1 Slings
 + Level 5.5 Dodging
 + Level 3.2 Stealth
 * Level 3.3 Shields


You had 5 spell levels left.
You didn't know any spells.
Your spell library was empty.

Dungeon Overview and Level Annotations

Branches:
Dungeon (6/15)
 Temple: D:4-7

Altars:
Cheibriados
Ru

Annotations:
D:5 Grinder


Innate Abilities, Weirdness & Mutations

You are very small and have problems with some larger weapons.
You are too small for most types of armour.
You have supernaturally acute eyesight. (SInv)
You are a herbivore.
You cover ground extremely quickly.
You need to consume almost no food.


Message History

You kill the orc!
The centaur completely misses you.
You hit the centaur. The centaur hits you!
* * * LOW HITPOINT WARNING * * *
The centaur misses you.
You take 8 damage, and have 12/33 hp.
MASSIVE DAMAGE!!
You closely miss the centaur. You block the centaur's attack.
You hit the centaur. The centaur hits you!
* * * LOW HITPOINT WARNING * * *
You take 9 damage, and have 3/33 hp.
MASSIVE DAMAGE!!
Okay, then.
Your +0 dagger of venom stops dripping with poison.
a - a +0 rapier (weapon)
The centaur closely misses you.
You closely miss the centaur. The centaur misses you.
You barely miss the centaur. The centaur closely misses you.
The centaur hits you!
You die...

#..#....................
#............##....)...
#...........###.......
#.......†.............
##....................
#.........###.#......
#.........###........
#..<)................
#...@......####......
#..c.......##....#.#.
#..........#.........
#...............###.#
##..............# #.#
##..........#....###'#
##.[#.###)...#......+_+
##..##.# ##...##...# ###
###..#...# #...##...#
###


You could see a centaur (very poisoned).

Levels and vault maps discovered:
D:1:      mrwooster_arrival_arrow, layout_basic
D:2:      layout_loops_ring, nicolae_ru_path_of_blood
D:3:      layout_rooms, chequers_ecumenical_altar_grove, first_ration
D:5:      layout_cave_pods, lemuel_zombie_altar_yredelemnul, elyvilon_altar_1,
          uniq_grinder, uniq_prince_ribbit1
D:6:      layout_rooms, lemuel_doored_altar, hangedman_glass_teeth

Notes
Turn   | Place    | Note
-------+----------+-------------------------------------------
     0 | D:1      | lepoulpe303 the Spriggan Fighter began the quest for the
                  | Orb.
     0 | D:1      | Reached XP level 1. HP: 11/11 MP: 2/2
    59 | D:1      | Identified a +0 club
   103 | D:1      | Identified a +0 club
   134 | D:1      | Reached XP level 2. HP: 14/16 MP: 3/3
   237 | D:1      | Identified a +0 short sword
   332 | D:1      | Identified a +0 club
   336 | D:1      | Reached skill level 1 in Stealth
   428 | D:1      | Identified a +0 short sword
   672 | D:1      | Identified a +0 club
   681 | D:1      | Reached XP level 3. HP: 18/19 MP: 4/4
   831 | D:1      | Identified a +0 hunting sling (You found it on level 1 of
                  | the Dungeon)
   894 | D:2      | Identified a +0 rapier
  1083 | D:2      | Identified a +0 club
  1521 | D:2      | Found a sacrificial altar of Ru.
  1529 | D:2      | Became a worshipper of Ru the Awakened
  1574 | D:3      | Identified a +0 short sword
  1574 | D:3      | Identified a +0 leather armour
  1574 | D:3      | Identified a +0 whip
  1575 | D:3      | Identified a +0 dagger
  1575 | D:3      | Identified a +0 robe
  1583 | D:3      | HP: 1/19 [orc priest/divine providence (8)]
  1930 | D:3      | Identified 5 scrolls of identify
  1930 | D:3      | Identified a +0 dagger of venom (You found it on level 3 of
                  | the Dungeon)
  2066 | D:3      | Reached skill level 3 in Fighting
  2066 | D:3      | Reached skill level 3 in Short Blades
  2066 | D:3      | Reached XP level 4. HP: 9/24 MP: 5/5
  2288 | D:3      | Reached skill level 2 in Stealth
  2292 | D:3      | Noticed a sky beast
  2295 | D:3      | Identified a +0 whip
  2295 | D:3      | Identified a +0 chain mail
  2295 | D:3      | Identified a +0 dagger
  2295 | D:3      | Identified a +0 robe
  2296 | D:3      | Identified a +0 trident
  2296 | D:3      | Identified a +0 leather armour
  2296 | D:3      | Identified a +0 club
  2300 | D:3      | You fall into a shaft and drop 3 floors!
  2301 | D:6      | Noticed a sky beast
  2465 | D:6      | Killed a sky beast
  2465 | D:6      | Reached skill level 1 in Slings
  2465 | D:6      | Reached skill level 5 in Dodging
  2465 | D:6      | Reached XP level 5. HP: 28/28 MP: 6/6
  2506 | D:6      | Identified a +0 giant club
  2506 | D:6      | Noticed an ogre
  2538 | D:6      | Killed an ogre
  2538 | D:6      | Reached skill level 3 in Shields
  2538 | D:6      | Reached XP level 6. HP: 32/32 MP: 7/7
  2593 | D:6      | Found a snail-covered altar of Cheibriados.
  2646 | D:5      | Entered Level 5 of the Dungeon
  2646 | D:5      | Noticed Grinder
  2687 | D:6      | Identified 2 potions of degeneration
  2689 | D:6      | Identified a potion of heal wounds
  2722 | D:6      | Identified a +0 dagger
  2722 | D:6      | Identified a +0 robe
  2722 | D:6      | Identified a +0 flail
  2723 | D:6      | Identified a +0 mace
  2755 | D:6      | Reached skill level 4 in Short Blades
  2755 | D:6      | Reached skill level 3 in Stealth
  2912 | D:6      | Reached skill level 2 in Slings
  3102 | D:6      | Identified a +0 mace
  3102 | D:6      | Identified a +0 chain mail
  3103 | D:6      | Identified a +0 flail
  3103 | D:6      | Identified a +0 dagger
  3104 | D:6      | Identified a +0 mace
  3104 | D:6      | Identified a +0 leather armour
  3300 | D:5      | Identified a +0 shortbow
  3300 | D:5      | Identified a +0 club
  3312 | D:6      | HP: 3/33 [centaur (9)]
  3315 | D:6      | Mangled by a centaur

Table legend:
 A = Turns spent in this place as a percentage of turns spent in the entire game.
 B = Non-inter-level travel turns spent in this place as a percentage of non-inter-level travel turns spent in the entire game.
 C = Inter-level travel turns spent in this place as a percentage of turns spent in this place.
 D = Turns resting spent in this place as a percentage of non-inter-level travel turns spent in this place.
 E = Turns spent auto-exploring this place as a percentage of non-inter-level travel turns spent in this place.
 F = Non-inter-level travel turns spent in this place divided by the number of levels of this place that you've seen.
                   A       B       C       D       E      F
               +-------+-------+-------+-------+-------+----------------------
         Total | 100.0 | 100.0 |   4.1 |  29.6 |  37.2 | 635.6
       Dungeon | 100.0 | 100.0 |   4.1 |  29.6 |  37.2 | 635.6
               +-------+-------+-------+-------+-------+----------------------

Table legend:
 A = Kills in this place as a percentage of kills in entire the game.
 B = Kills by you in this place as a percentage of kills by you in the entire game.
 C = Kills by friends in this place as a percentage of kills by friends in the entire game.
 D = Other kills in this place as a percentage of other kills in the entire game.
 E = Experience gained in this place as a percentage of experience gained in the entire game.
 F = Experience gained in this place divided by the number of levels of this place that you have seen.
                   A       B       C       D       E      F
               +-------+-------+-------+-------+-------+----------------------
         Total | 100.0 | 100.0 |   N/A |   N/A | 100.0 | 127.2
       Dungeon | 100.0 | 100.0 |   N/A |   N/A | 100.0 | 127.2
               +-------+-------+-------+-------+-------+----------------------

Skill      XL: |  1  2  3  4  5  6 |
---------------+-------------------+-----
Stealth        | 1 2 3 |  3.2
Fighting       | 3 |  3.7
Short Blades   | 3 4 |  4.2
Slings         | 1 2 |  2.1
Dodging        | 5 |  5.5
Shields        | 3 |  3.3

Action                   |  1- 3 |  4- 6 || total
-------------------------+-------+-------++-------
Melee: Rapier            |    85 |    10 ||    95
       Dagger            |       |    50 ||    50
 Fire: Hunting sling     |    50 |    16 ||    66
  Use: Scroll            |     1 |     2 ||     3
 Stab: Sleeping          |     1 |     1 ||     2
Armor: Robe              |     8 |     4 ||    12
Dodge: Dodged            |    88 |    29 ||   117
Block: Buckler           |    25 |    14 ||    39

Vanquished Creatures
  A sky beast (D:6)
  An ogre (D:6)
  A scorpion (D:6)
  A crimson imp (D:6)
  A hound (D:6)
  2 orc priests (D:3)
  An orc wizard (D:6)
  A shadow imp (D:6)
  An ooze (D:1)
  2 worms (D:2)
  A dart slug (D:2)
  A leopard gecko (D:1)
  11 orcs
  4 goblins
  5 hobgoblins
  4 jackals (D:1)
  4 kobolds
  A quokka (D:6)
  A ball python (D:1)
  4 bats
  2 frilled lizards (D:1)
  5 rats
55 creatures vanquished.
